 Dungeon Crawl Stone Soup version 0.25.0-1-g7eea58d2a3 (webtiles) character file.

Game seed: 9030309591183403970

272 Masnef the Vexing (level 6, 0/46 HPs)
             Began as a Barachi Arcane Marksman on June 14, 2020.
             Was an Initiate of Gozag.
             Succumbed to a worker ant's poison
             ... on level 4 of the Dungeon.
             The game lasted 00:40:39 (4965 turns).

Masnef the Vexing (Barachi Arcane Marksman)         Turns: 4965, Time: 00:40:39

Health: 0/46       AC:  4    Str: 12 (13) XL:     6   Next: 23%
Magic:  8/8        EV: 13    Int: 10 (13) God:    Gozag
Gold:   231        SH:  0    Dex: 11 (13) Spells: 5/8 levels left

rFire    . . .     SeeInvis .   k - +0 hand axe (flame)
rCold    . . .     Gourm    .   (no shield)
rNeg     . . .     Faith    .   g - +1 leather armour
rPois    .         Spirit   .   (no helmet)
rElec    .         Reflect  .   (no cloak)
rCorr    .         Harm     .   (no gloves)
MR       .....                  (no boots)
Stlth    +.........             w - amulet of magic regeneration
HPRegen  0.15/turn              (no ring)
MPRegen  0.36/turn              (no ring)

@: brilliant, lethally poisoned (0 -> -2), can't hop, very slightly
contaminated, invisible (expiring), slow
A: +LOS, swims, slowness 1, strong legs 1
a: Hop, Potion Petition, Call Merchant, Bribe Branch, Renounce Religion


You were on level 4 of the Dungeon.
You worshipped Gozag.
Gozag was aware of your devotion.
You were very hungry.

You visited 1 branch of the dungeon, and saw 4 of its levels.

You collected 302 gold pieces.
You paid 71 gold pieces to Gozag.

Inventory:

Hand Weapons
 a - a +0 hunting sling
 k - a +0 hand axe of flaming (weapon)
 m - a +0 short sword
Missiles
 c - 84 stones (quivered)
 d - 9 sling bullets
Armour
 e - a +0 robe
 g - a +1 leather armour (worn)
 s - a +1 chain mail of poison resistance
Jewellery
 u - an uncursed amulet of faith
 w - an amulet of magic regeneration (around neck)
Wands
 q - a wand of digging (3)
Scrolls
 f - a scroll of remove curse
Potions
 n - a potion of flight


   Skills:
 - Level 2.5 Fighting
 * Level 2.7 Axes
 + Level 3.3 Slings
 + Level 3.7 Dodging
 - Level 1.6 Spellcasting
 + Level 4.4 Hexes


You had 5 spell levels left.
You knew the following spells:

 Your Spells              Type           Power        Failure   Level  Hunger
a - Corona                Hex            ##.....      7%          1    None
b - Slow                  Hex            ##......     11%         2    None

Your spell library contained the following spells:

 Spells                   Type           Power        Failure   Level  Hunger
 Inner Flame              Hex/Fire       #.......     45%         3    None
 Portal Projectile        Hex/Tloc       #.....       45%         3    None
 Cause Fear               Hex            ##........   56%         4    None
 Leda's Liquefaction      Hex/Erth       #.........   86%         4    None


Dungeon Overview and Level Annotations

Branches:
Dungeon (4/15)
 Temple: D:4-7

Altars:
Gozag

Annotations:
D:3 Grinder
D:4 Pikel


Innate Abilities, Weirdness & Mutations

You can be seen from farther away. (+LOS)
You can swim through water.
You cover ground slowly.
You can hop short distances.


Message History

* * * LOW HITPOINT WARNING * * *
You feel sick.
* * * LOW HITPOINT WARNING * * *
You feel sick.
An orc comes into view. It is wielding a +0 dagger.
* * * LOW HITPOINT WARNING * * *
You feel sick.
Okay, then.
Okay, then.
* * * LOW HITPOINT WARNING * * *
You feel sick. The worker ant barely misses you.
A worker ant comes into view.
You flicker for a moment.
* * * LOW HITPOINT WARNING * * *
You feel sick.
The orc shouts!
The worker ant closely misses you.
You die...
Your body crumbles into a pile of gold.

### . ..# #. #.#
###.### #.#
#.....# #.#
#.#.#.###.# #.#
....#.#
#.###.#o#.#
#####.....#a#@#
####.............#
.....#########.###
###### #a# #.# #.#
#.# #.# ..#


You could see a worker ant (wandering).

Vanquished Creatures
  Menkaure (D:4)
  A slave (D:4)
  Ijyb (D:3)
  6 adders
  2 oozes
  2 worms
  2 dart slugs
  3 orcs
  4 bats
  A giant cockroach (D:3)
  8 goblins
  7 hobgoblins
  8 jackals
  10 kobolds
  A quokka (D:3)
  7 frilled lizards
  6 rats
70 creatures vanquished.

Notes
Turn   | Place    | Note
-------+----------+-------------------------------------------
     0 | D:1      | Masnef the Barachi Arcane Marksman began the quest for the
                  | Orb.
     0 | D:1      | Reached XP level 1. HP: 15/15 MP: 2/2
   200 | D:1      | Reached XP level 2. HP: 21/21 MP: 3/3
   412 | D:1      | Learned a level 2 spell: Slow
   880 | D:2      | Noticed a scorpion
  1066 | D:1      | Reached XP level 3. HP: 22/26 MP: 1/5
  2025 | D:2      | Reached XP level 4. HP: 33/33 MP: 3/6
  2594 | D:3      | Noticed Ijyb
  2939 | D:3      | Reached skill level 1 in Axes
  2959 | D:3      | Killed Ijyb
  3182 | D:3      | Reached skill level 4 in Hexes
  3241 | D:3      | Reached XP level 5. HP: 39/39 MP: 4/7
  3363 | D:3      | Noticed Grinder
  3643 | D:3      | Found an opulent altar of Gozag.
  3682 | D:3      | Became a worshipper of Gozag Ym Sagoz the Greedy
  4160 | D:4      | Noticed a slave
  4188 | D:4      | Killed a slave
  4234 | D:4      | Noticed Pikel
  4280 | D:4      | Noticed Menkaure
  4688 | D:4      | Killed Menkaure
  4688 | D:4      | Reached XP level 6. HP: 31/46 MP: 8/8
  4958 | D:4      | HP: 2/46 [poisoned by a worker ant]
  4965 | D:4      | Succumbed to a worker ant's poison

Illustrated notes

Levels and vault maps discovered:
D:1:      wander_arrival_desolate, layout_loops_cross
D:2:      layout_rooms, minmay_misc_feat_five
D:3:      minmay_wonky_spiral, layout_loops_ring, nicolae_gozag_seed_capital,
          kennysheep_generic_room_6, uniq_ijyb, uniq_grinder
D:4:      layout_loops_ring, chequers_temple_overflow_minitemple,
          gammafunk_ghost_arena, first_ration, uniq_menkaure, uniq_pikel

Skill      XL: |  1  2  3  4  5 |
---------------+----------------+-----
Fighting       | 2 |  2.5
Dodging        | 3 |  3.7
Axes           | 1 2 |  2.7
Hexes          | 4 |  4.4
Slings         | 3 |  3.3
Spellcasting   | |  1.6

Action                   |  1- 3 |  4- 6 || total
-------------------------+-------+-------++-------
Melee: Hand axe          |       |    18 ||    18
 Fire: Hunting sling     |    80 |   127 ||   207
Throw: Stone             |       |     4 ||     4
 Cast: Corona            |    28 |    45 ||    73
Invok: Potion Petition   |       |     1 ||     1
 Abil: Hop               |       |     4 ||     4
  Use: Scroll            |     6 |     4 ||    10
       Potion            |       |    12 ||    12
  Eat: Chunk             |     4 |     4 ||     8
       Ration            |       |     2 ||     2
Armor: Leather armour    |     5 |    27 ||    32
Dodge: Dodged            |    27 |    81 ||   108
